 Dungeon Crawl Stone Soup version 0.29-a0-813-g4a14ea37d6 (webtiles) character file.

Game seed: 8076315627586091049

2400 polve the Reanimator (level 9, -5/58 (74) HPs)
             Began as a Demonspawn Gladiator on July 4, 2022.
             Slain by a vampire
             ... wielding a +2 dagger of draining
              (8 damage)
             ... on level 7 of the Dungeon.
             The game lasted 00:06:45 (6469 turns).

polve the Reanimator (Demonspawn Gladiator)         Turns: 6469, Time: 00:06:46

HP:   -5/58 (74)    AC:  9    Str: 24    XL:     9   Next: 23%
MP:   8/8           EV: 16    Int:  9    God:
Gold: 482           SH:  6    Dex: 18    Spells: 8/8 levels left

rFire   . . .      SeeInvis .   F - +2 demon trident (pain)
rCold   . . .      Faith    .   (no shield)
rNeg    . . .      Spirit   .   D - +0 swamp dragon scales
rPois   +          Reflect  .   b - +1 helmet
rElec   .          Harm     .   (no cloak)
rCorr   .          Rampage  .   (no gloves)
Will    .....                   (no boots)
Stlth   +.........              (no amulet)
HPRegen 0.19/turn               h - +6 ring of strength
MPRegen 0.22/turn               q - +4 ring of evasion

@: attractive, hasted, studying Necromancy, heavily drained, very quick
A: hooves 2, large bone plates 2, demonic guardian 1, magic regeneration, agile
1, low MP 1
a: no special abilities


You were on level 7 of the Dungeon.
You visited 1 branch of the dungeon, and saw 7 of its levels.

You collected 482 gold pieces.

Inventory:

Hand Weapons
 F - a +2 demon trident of pain (weapon)
Missiles
 d - 3 throwing nets (quivered)
 e - a javelin
Armour
 b - a +1 helmet (worn)
 D - +0 swamp dragon scales (worn)
Jewellery
 h - a +6 ring of strength (left hand)
 q - a +4 ring of evasion (right hand)
 w - a ring of protection from fire
Wands
 x - a wand of polymorph (12)
 A - a wand of flame (20)
Scrolls
 a - a scroll of blinking
 c - 2 scrolls of enchant armour
 i - a scroll of identify
 l - 2 scrolls of fear
 o - 4 scrolls of fog
 p - a scroll of poison
 t - 3 scrolls of teleportation
 B - a scroll of silence
Potions
 f - 3 potions of attraction
 g - 2 potions of ambrosia
 j - 3 potions of curing
 r - a potion of berserk rage {unknown}
 s - 2 potions of magic {unknown}
 v - a potion of might
 z - a potion of flight {unknown}
 C - 3 potions of heal wounds {unknown}
 E - a potion of brilliance {unknown}


   Skills:
 + Level 8.0 Fighting
 - Level 5.3(6.3) Axes
 + Level 5.1(6.2) Polearms
 - Level 1.7 Throwing
 - Level 2.6 Dodging
 + Level 9.0 Necromancy


You had 8 spell levels left.
You didn't know any spells.
Your spell library contained the following spells:

 Spells                   Type           Power      Damage    Failure   Level
 Dispel Undead            Necr           16%        3d10      16%         4
 Apportation              Tloc           0%         N/A       54%         1
 Foxfire                  Conj/Fire      0%         2x1d4     54%         1
 Static Discharge         Conj/Air       0%         3-3/arc   67%         2
 Sticky Flame             Conj/Fire      0%         2d3       99%         4
 Alistair's Intoxication  Tmut/Pois      0%         N/A       100%        5
 Freezing Cloud           Conj/Ice/Air   0%         6-21      100%        5


Dungeon Overview and Level Annotations

Branches:
Dungeon (7/15)             Temple (0/1) D:6

Altars:
Hepliaklqana

Shops:
D:3 *


Innate Abilities, Weirdness & Mutations

You have hoof-like feet.
You are mostly covered in large bone plates. (SH +6)
A weak demonic guardian rushes to your aid.
You regenerate magic rapidly.
You are agile. (Dex +4, Str/Int -1)
Your magical capacity is low. (-10% MP)


Message History

The vampire is severely damaged.
The vampire points at you and mumbles some strange words.
You resist with some effort.
You miss the vampire. Your kick misses the vampire.
The vampire is severely damaged.
The vampire gestures wildly while chanting.
The vampire flickers and vanishes!
Deactivating autopickup; reactivate with Ctrl-A.
You miss something. You kick something! Something hits you.
You feel drained. Something closely misses you.
You miss something. Something draws life force from you!
You hit something but do no damage. You kick something.
Something draws life force from you.
It was a potion of attraction.
You feel attractive to monsters.
You feel less confused. Something hits you!
* * * LOW HITPOINT WARNING * * *
A demonic guardian appears!
You feel drained.
* * * LOW HITPOINT WARNING * * *
Something barely misses you.
It was a potion of ambrosia.
You are confused.
You feel invigorated. Something hits you!
* * * LOW HITPOINT WARNING * * *
You feel drained.
* * * LOW HITPOINT WARNING * * *
Something barely misses you.
It was a potion of curing.
You feel better.
You feel less invigorated. Something hits you but does no damage.
You feel drained. Something bites you.
* * * LOW HITPOINT WARNING * * *
Something draws strength from your injuries!
You closely miss something. Your kick misses something.
You hear some strange, mumbled words.
Something tries to affect you, but you resist.
You feel yourself speed up. Something hits you.
* * * LOW HITPOINT WARNING * * *
You feel drained.
* * * LOW HITPOINT WARNING * * *
Something bites you!
You die...

#.##.#.## #.#
##.#.###.###.#
##...##
##.##.##
#...##
##....#####
.....##
##.###.§§§.#
###...###..#
#.§§§§#
#.##.#.###
##§§§##
#.##...# #§5§#
#.###### #§@§#
#.# #§§§# #.#
#§§§# #.#
#§§§# #.#
#§§§# #.#
.§§§§§.. #.#
8.§§#.§._.#
#.#
#...........#
...
#####...#####


You could see a friendly quasit (summoned).

Vanquished Creatures
  The ghost of WLBjork the Chopper, a novice HOMo (D:4)
  Maggie (D:6)
  Menkaure (D:4)
  A water moccasin (D:6)
  2 black bears
  2 ice beasts
  A sky beast (D:6)
  2 centaurs
  An ogre (D:5)
  Blork the orc (D:4)
  A gnoll sergeant (D:7)
  A bullfrog (D:6)
  A necrophage (D:5)
  A scorpion (D:6)
  3 howler monkeys
  7 hounds
  2 orc priests (D:5)
  An iguana (D:4)
  3 gnolls (D:7)
  6 adders
  A shadow imp (D:6)
  A white imp (D:6)
  An ufetubus (D:5)
  2 worms
  10 orcs
  6 endoplasms
  A giant cockroach (D:1)
  6 goblins
  5 hobgoblins
  3 kobolds
  A quokka (D:1)
  6 ball pythons
  A bat (D:3)
  5 frilled lizards
  2 rats (D:1)
90 creatures vanquished.

Vanquished Creatures (collateral kills)
  A gnoll (D:1)
  2 ball pythons
  A kobold (D:1)
4 creatures vanquished.

Vanquished Creatures (others)
  An ufetubus (D:6)
1 creature vanquished.

Grand Total: 95 creatures vanquished

Notes
Turn   | Place    | Note
-------+----------+-------------------------------------------
     0 | D:1      | polve the Demonspawn Gladiator began the quest for the Orb.
     0 | D:1      | Reached XP level 1. HP: 16/16 MP: 1/1
    18 | D:1      | Gained mutation: Your mind is acute. (Int +4, Str/Dex -1)
                  | [potion of mutation]
    70 | D:1      | Lost mutation: Your mind is acute. (Int +4, Str/Dex -1)
                  | [potion of mutation]
    70 | D:1      | Gained mutation: Your magical capacity is low. (-10% MP)
                  | [potion of mutation]
    70 | D:1      | Gained mutation: You are agile. (Dex +4, Str/Int -1)
                  | [potion of mutation]
    70 | D:1      | Gained mutation: You have large cloven feet. [potion of
                  | mutation]
   427 | D:1      | Gained mutation: A weak demonic guardian rushes to your
                  | aid. [demonic ancestry]
   427 | D:1      | Reached XP level 2. HP: 22/23 MP: 1/1
   608 | D:1      | Mutation became permanent: You have large cloven feet.
                  | [demonic ancestry]
   608 | D:1      | Gained mutation: You have large cloven feet. [demonic
                  | ancestry]
   608 | D:1      | Reached XP level 3. HP: 19/28 MP: 2/2
  2024 | D:3      | Gained mutation: You have hoof-like feet. [demonic
                  | ancestry]
  2024 | D:3      | Reached XP level 4. HP: 20/35 MP: 3/3
  2510 | D:3      | Found Bubbifir's General Store.
  3068 | D:4      | Noticed Blork the orc
  3073 | D:4      | Killed Blork the orc
  3074 | D:4      | Reached XP level 5. HP: 42/42 MP: 4/4
  3196 | D:4      | Noticed Menkaure
  3202 | D:4      | Killed Menkaure
  3203 | D:4      | Gained mutation: You are partially covered in large bone
                  | plates. (SH +4) [demonic ancestry]
  3203 | D:4      | Reached XP level 6. HP: 27/50 MP: 5/5
  3367 | D:4      | Noticed an ice beast
  3375 | D:4      | Reached skill level 5 in Fighting
  3375 | D:4      | Reached skill level 5 in Axes
  3382 | D:4      | Killed an ice beast
  3949 | D:4      | Found a runed translucent door.
  3949 | D:4      | Noticed WLBjork's ghost (novice HOMo)
  4043 | D:4      | Killed WLBjork's ghost
  4044 | D:4      | Reached skill level 4 in Necromancy
  4044 | D:4      | Reached XP level 7. HP: 8/58 MP: 6/6
  4353 | D:5      | Entered Level 5 of the Dungeon
  4389 | D:5      | Gained mutation: You regenerate magic rapidly. [demonic
                  | ancestry]
  4389 | D:5      | Reached XP level 8. HP: 65/65 MP: 7/7
  4410 | D:5      | Reached skill level 5 in Necromancy
  4423 | D:5      | You fall into a shaft and drop 1 floor!
  4496 | D:6      | Reached skill level 6 in Necromancy
  4501 | D:6      | Noticed Maggie
  4520 | D:6      | Killed Maggie
  4521 | D:6      | Reached skill level 7 in Necromancy
  5056 | D:5      | Reached skill level 8 in Necromancy
  5319 | D:5      | Gained mutation: You are mostly covered in large bone
                  | plates. (SH +6) [demonic ancestry]
  5319 | D:5      | Reached XP level 9. HP: 58/73 MP: 8/8
  5577 | D:6      | Got the Papyrus of the Bouncing Beds
  5811 | D:6      | Found a staircase to the Ecumenical Temple.
  6254 | D:6      | Reached skill level 5 in Polearms
  6337 | D:7      | Reached skill level 9 in Necromancy
  6443 | D:7      | Found a hazy altar of Hepliaklqana.
  6444 | D:7      | Found a faded altar of an unknown god.
  6469 | D:7      | Slain by a vampire

Illustrated notes

Levels and vault maps discovered:
D:1:      denvon_arrival_waterhouse, layout_rooms
D:2:      layout_loops_corners, hangedman_decor_growths, kennysheep_another_room
D:3:      layout_loops_ring, serial_shops, nicolae_shop_crystal
D:4:      layout_rooms, ebering_ghost_inner_flame, minmay_manual_mess,
          uniq_menkaure, uniq_blork_the_orc
D:5:      layout_basic
D:6:      layout_basic, minmay_temple_entry_drinking_statues, uniq_maggie
D:7:      layout_loops_corners, beargit_hepliaklqana_dungeon_heroes

Skill      XL: |  1  2  3  4  5  6  7  8  9 |
---------------+----------------------------+-----
Axes           | 3 4 5 |  5.3
Fighting       | 3 4 6 7 8 |  8.0
Polearms       | 2 4 5 |  5.1
Necromancy     | 4 8 9 |  9.0
Throwing       | |  1.7
Dodging        | |  2.6

Action                   |  1- 3 |  4- 6 |  7- 9 || total
-------------------------+-------+-------+-------++-------
Melee: War axe           |    96 |    50 |       ||   146
       Kick              |    17 |    30 |    40 ||    87
       Quarterstaff      |       |    27 |     2 ||    29
       Demon trident     |       |       |   115 ||   115
       Punch             |       |       |     1 ||     1
  Use: Potion            |     3 |     2 |     4 ||     9
       Scroll            |       |       |    10 ||    10
 Stab: Sleeping          |     3 |     2 |       ||     5
       Distracted        |       |     1 |       ||     1
Armor: Leather armour    |    30 |    23 |    15 ||    68
       Swamp dragon scal |       |       |    13 ||    13
Dodge: Dodged            |    69 |    58 |    65 ||   192
Block: Other             |       |     5 |    17 ||    22

Table legend: (Time is in decaauts)
 A = Elapsed time spent in this place.
 B = Non-inter-level travel time spent in this place.
 C = Inter-level travel time spent in this place.
 D = Time resting spent in this place.
 E = Time spent auto-exploring this place.
 F = Levels seen in this place.
 G = Mean time per level.
                   A        B        C        D        E       F      G
               +--------+--------+--------+--------+--------+-----+--------+
         Total |   6484 |   6216 |    268 |      0 |   5437 |   7 |  926.3 |
       Dungeon |   6484 |   6216 |    268 |      0 |   5437 |   7 |  926.3 |
               +--------+--------+--------+--------+--------+-----+--------+

Top non-repeatable levels by time:
     D:4: 1348 daAuts
     D:6: 1073 daAuts
     D:3: 1060 daAuts
     D:2: 989 daAuts
     D:1: 971 daAuts
     D:5: 865 daAuts
     D:7: 175 daAuts
